 Dungeon Crawl Stone Soup version 0.22-a0-565-gfc6459a (webtiles) character file.

127 theanonym the Magician (level 4, 0/30 HPs)
             Began as a Mummy Air Elementalist on June 29, 2018.
             Slain by a gnoll
             ... wielding a +0 spear
              (10 damage)
             ... on level 2 of the Dungeon.
             The game lasted 00:03:45 (3511 turns).

theanonym the Magician (Mummy Air Elementalist)     Turns: 3511, Time: 00:03:46

Health: 0/30       AC:  2    Str: 11    XL:     4   Next: 85%
Magic:  3/10       EV: 12    Int: 15    God:
Gold:   99         SH:  0    Dex: 12    Spells: 3/11 levels left

rFire    x . .     SeeInvis .   d - +0 short sword (venom)
rCold    + . .     Gourm    .   (no shield)
rNeg     + + +     Faith    .   a - +0 robe
rPois    ∞         Spirit   .   (no helmet)
rElec    .         Reflect  .   (no cloak)
rCorr    .         Harm     .   (no gloves)
MR       .....                  (no boots)
Stlth    ++........             (no amulet)
HPRegen  0.10/turn              (no ring)
MPRegen  0.12/turn              (no ring)

@: very slightly contaminated
A: no food or potions, fire vulnerability, cold resistance 1, negative energy
resistance 3, torment resistance, unbreathing
a: no special abilities


Innate Abilities, Weirdness & Mutations

You do not eat or drink.
Your flesh is vulnerable to fire.
You are immune to poison.
Your flesh is cold resistant. (rC+)
You are immune to negative energy. (rN+++)
You are immune to unholy pain and torment.
You can survive without breathing.


   Skills:
 - Level 1.5 Dodging
 - Level 1.5 Stealth
 + Level 4.2 Spellcasting
 + Level 2.3 Conjurations
 + Level 3.2 Air Magic


You had 3 spell levels left.
You knew the following spells:

 Your Spells              Type           Power        Failure   Level  Hunger
a - Shock                 Conj/Air       ##..         5%          1    N/A
b - Static Discharge      Conj/Air       ##......     17%         3    N/A
c - Airstrike             Air            ##........   41%         4    N/A

Your spell library contained the following spells:

 Spells                   Type           Power        Failure   Level  Hunger
 Lightning Bolt           Conj/Air       ##........   83%         5    N/A
 Swiftness                Chrm/Air       #.......     14%         2    N/A

Skill      XL: |  1  2  3  4 |
---------------+-------------+-----
Conjurations   | 1 2 |  2.3
Spellcasting   | 3 4 |  4.2
Air Magic      | 3 |  3.2
Dodging        | |  1.5
Stealth        | |  1.5

Action                   |  1- 3 |  4- 6 || total
-------------------------+-------+-------++-------
Melee: Unarmed           |     7 |       ||     7
       Club              |     5 |       ||     5
       Dagger            |     2 |       ||     2
       Short sword       |    30 |     7 ||    37
 Cast: Shock             |    94 |    51 ||   145
Armor: Robe              |    17 |     2 ||    19
Dodge: Dodged            |    57 |     9 ||    66

Inventory:

Hand Weapons
 b - a +0 club
   (You took it off a hobgoblin on level 1 of the Dungeon)
 c - a +0 dagger
   (You took it off a goblin on level 1 of the Dungeon)
 d - a +0 short sword of venom (weapon)
   (You took it off a kobold on level 1 of the Dungeon)
Armour
 a - a +0 robe (worn)
Scrolls
 e - a scroll of teleportation {unknown}
 f - 2 scrolls of remove curse {unknown}
 g - 3 scrolls of identify {unknown}
 h - 2 scrolls of blinking {unknown}


You were on level 2 of the Dungeon.
You were not hungry.

You visited 1 branch of the dungeon, and saw 2 of its levels.

You collected 99 gold pieces.

Dungeon Overview and Level Annotations

Branches:
Dungeon (2/15)

Altars:

Annotations:
D:2 1 runed door

#.####..........................
#.# ##.########.#.......#######
#.### #.# #.#.#...#.# #...#
#.#### #....####.# ###.# #....##
#..#......# #.###.....##
##...###### #.##.......## ##)##
#.#.........####.#####
#.#..........@.g.....#
#.#.....)...####.###.#
#.#........## #.# #.#
####.#.#.....## #.###.##
##..........## #......#
.......###### #####..# ...###.#
#..# ....)..# ##..# ######.#
#...####


You could see a gnoll.

Notes
Turn   | Place    | Note
-------+----------+-------------------------------------------
     0 | D:1      | theanonym the Mummy Air Elementalist began the quest for the Orb.
     0 | D:1      | Reached XP level 1. HP: 13/13 MP: 4/4
    31 | D:1      | HP: 6/13 [hobgoblin/club (4)]
   233 | D:1      | Reached skill level 1 in Conjurations
   381 | D:1      | Reached skill level 3 in Spellcasting
   381 | D:1      | Reached XP level 2. HP: 19/19 MP: 0/6
   689 | D:1      | HP: 8/19 [jackal (3)]
  1418 | D:1      | Reached XP level 3. HP: 24/24 MP: 0/7
  1619 | D:2      | HP: 8/24 [worm (9)]
  1625 | D:2      | HP: 2/24 [leopard gecko (4)]
  2102 | D:2      | Found a faded altar of an unknown god.
  2128 | D:2      | Learned a level 3 spell: Static Discharge
  2133 | D:2      | Reached skill level 3 in Air Magic
  2392 | D:2      | Reached XP level 4. HP: 30/30 MP: 3/9
  2404 | D:2      | Reached skill level 2 in Conjurations
  2604 | D:2      | Found a runed door.
  2719 | D:2      | Reached skill level 4 in Spellcasting
  2941 | D:2      | HP: 13/30 [gnoll/spear (3)]
  2943 | D:2      | HP: 5/30 [gnoll/spear (8)]
  3456 | D:2      | Learned a level 4 spell: Airstrike
  3509 | D:2      | HP: 15/30 [gnoll/spear (7)]
  3511 | D:2      | Slain by a gnoll

Vanquished Creatures
  3 gnolls (D:2)
  3 adders
  3 worms (D:2)
  2 dart slugs
  3 leopard geckos
  A ball python (D:1)
  5 bats
  4 giant cockroaches
  6 goblins
  6 hobgoblins
  6 jackals
  3 kobolds
  2 frilled lizards
  7 rats
54 creatures vanquished.

Table legend:
 A = Turns spent in this place as a percentage of turns spent in the entire game.
 B = Non-inter-level travel turns spent in this place as a percentage of non-inter-level travel turns spent in the entire game.
 C = Inter-level travel turns spent in this place as a percentage of turns spent in this place.
 D = Turns resting spent in this place as a percentage of non-inter-level travel turns spent in this place.
 E = Turns spent auto-exploring this place as a percentage of non-inter-level travel turns spent in this place.
 F = Non-inter-level travel turns spent in this place divided by the number of levels of this place that you've seen.
                   A       B       C       D       E      F
               +-------+-------+-------+-------+-------+----------------------
         Total | 100.0 | 100.0 |   2.6 |  49.0 |  40.9 | 1709.0
       Dungeon | 100.0 | 100.0 |   2.6 |  49.0 |  40.9 | 1709.0
               +-------+-------+-------+-------+-------+----------------------
